 Dungeon Crawl Stone Soup version 0.23-a0-32-g1388f29e54 (webtiles) character file.

2900 Gorg the Thaumaturge (level 9, -8/47 HPs)
             Began as a Deep Elf Fire Elementalist on Aug 4, 2018.
             Was a Believer of Vehumet.
             Mangled by a red ugly thing (21 damage)
             ... on level 8 of the Dungeon.
             The game lasted 00:46:23 (10187 turns).

Gorg the Thaumaturge (Deep Elf Fire Elementalist)  Turns: 10187, Time: 00:46:26

Health: -8/47      AC:  6    Str:  5    XL:     9   Next: 49%
Magic:  11/26      EV: 18    Int: 24    God:    Vehumet [**....]
Gold:   700        SH:  0    Dex: 15    Spells: 15/30 levels left

rFire    . . .     SeeInvis .   K - +2 hunting sling (freeze)
rCold    . . .     Gourm    .   (no shield)
rNeg     . . .     Faith    .   a - +0 robe
rPois    .         Spirit   .   u - +1 helmet
rElec    .         Reflect  .   y - +0 cloak
rCorr    +         Harm     .   D - +0 pair of gloves
MR       .....                  (no boots)
Stlth    ++........             (no amulet)
HPRegen  0.15/turn              j - ring of resist corrosion
MPRegen  0.20/turn              m - +5 ring of evasion

@: no status effects
A: no striking features
a: Renounce Religion


You were on level 8 of the Dungeon.
You worshipped Vehumet.
Vehumet was pleased with you.
You were not hungry.

You visited 2 branches of the dungeon, and saw 9 of its levels.
You also visited: Ossuary.

You collected 700 gold pieces.

Inventory:

Hand Weapons
 e - a +1 dagger of electrocution
 K - a +2 hunting sling of freezing (weapon)
Missiles
 b - 261 stones (quivered)
 o - 74 sling bullets
Armour
 a - a +0 robe (worn)
 f - a scarf of spirit shield
 u - a +1 helmet (worn)
 y - a +0 cloak (worn)
 D - a +0 pair of gloves (worn)
Jewellery
 j - a ring of resist corrosion (left hand)
 m - a +5 ring of evasion (right hand)
 p - an uncursed ring of flight
 A - an uncursed ring of ice
 F - an uncursed amulet of faith
Wands
 x - a wand of digging (7)
 B - a wand of random effects (16)
 H - a wand of iceblast (13)
 J - a wand of flame (16)
 O - a wand of clouds (4)
Scrolls
 g - 3 scrolls of magic mapping
 h - 5 scrolls of remove curse
 k - a scroll of brand weapon {unknown}
 l - 4 scrolls of enchant armour
 q - 2 scrolls of fog {unknown}
 r - 4 scrolls of amnesia
 t - 2 scrolls of blinking {unknown}
 z - 2 scrolls of enchant weapon {unknown}
 C - a scroll of noise {unknown}
 E - 2 scrolls of teleportation {unknown}
 P - a scroll of random uselessness {unknown}
Potions
 d - 2 potions of brilliance
 i - 3 potions of might
 n - 3 potions of cancellation
 s - 6 potions of lignification
 v - a potion of degeneration
 w - 4 potions of invisibility
 G - 3 potions of flight
 I - a potion of heal wounds {unknown}
 L - 2 potions of curing {unknown}
 M - 3 potions of agility
 N - 4 potions of berserk rage
 Q - 2 potions of haste {unknown}
Comestibles
 c - 13 rations
 R - 2 chunks of flesh


   Skills:
 * Level 1.1 Fighting
 - Level 2.7 Dodging
 - Level 3.0 Stealth
 + Level 11.4 Spellcasting
 + Level 7.6 Conjurations
 + Level 8.1 Fire Magic


You had 15 spell levels left.
You knew the following spells:

 Your Spells              Type           Power        Failure   Level  Hunger
a - Flame Tongue          Conj/Fire      #####        1%          1    None
b - Throw Flame           Conj/Fire      ######       1%          2    None
c - Sticky Flame          Conj/Fire      ######..     1%          4    None
d - Conjure Flame         Conj/Fire      ######..     1%          3    None
e - Fireball              Conj/Fire      ######....   4%          5    ####...

Your spell library contained the following spells:

 Spells                   Type           Power        Failure   Level  Hunger
 Inner Flame              Hex/Fire       ####....     2%          3    None


Dungeon Overview and Level Annotations

Branches:
Dungeon (8/15)             Temple (1/1) D:4
   Lair: D:8-11

Altars:
Ashenzari
Cheibriados
Dithmenos
Elyvilon
Fedhas
Kikubaaqudgha
Makhleb
Okawaru
Sif Muna
Trog
Uskayaw
Vehumet
Xom
Yredelemnul
Zin
The Shining One

Annotations:
D:3 2 transporters


Message History

Confirm with . or Enter, or press ? or * to list all spells.
Aiming: Flame Tongue (safe; 1% risk of failure)
Press: ? - help, Shift-Dir - straight line, f/p - red ugly thing
Aim: a red ugly thing (heavily wounded)
The flame tongue hits the red ugly thing.
The red ugly thing resists.
The red ugly thing is heavily wounded.
The red ugly thing trunk-slaps you!
You are engulfed in flames!
Casting: Flame Tongue (safe; 1% risk of failure)
Confirm with . or Enter, or press ? or * to list all spells.
Aiming: Flame Tongue (safe; 1% risk of failure)
Press: ? - help, Shift-Dir - straight line, f/p - red ugly thing
Aim: a red ugly thing (heavily wounded)
The flame tongue hits the red ugly thing.
The red ugly thing appears unharmed.
The red ugly thing is heavily wounded.
The red ugly thing trunk-slaps you!
* * * LOW HITPOINT WARNING * * *
You are engulfed in flames!!
You die...

#....(..# #.....# #.......#
#.....# #.......# ####### #
#.u.....#
#.####.......###########
#............#.........#
#.......######.........#
#.......######Y........####
........§u@...............#
...###########.........##.#
.. #.........##.# .
############.# #.# #.. ###


You could see a red ugly thing and a sky beast.

Vanquished Creatures
  A hornet (D:7)
  A hippogriff (D:7)
  Menkaure (D:6)
  2 orc warriors (D:6)
  A phantom (D:6)
  An ice beast (D:6)
  3 sky beasts
  A necrophage (D:8)
  6 ogres
  A big kobold (D:8)
  A bullfrog (D:2)
  5 crimson imps
  2 bullfrog zombies
  Crazy Yiuf (D:2)
  2 orc priests
  3 hounds
  2 jellies
  4 orc wizards
  A bullfrog skeleton (D:7)
  4 worker ants
  A killer bee zombie (D:7)
  A big kobold zombie (Ossuary)
  8 mummies (Ossuary)
  5 adders
  4 gnolls (D:6)
  A shadow imp (D:5)
  An ooze (D:7)
  An adder skeleton (D:7)
  5 worms
  8 leopard geckos
  12 orcs
  6 bats
  3 bat zombies (D:4)
  5 giant cockroaches
  2 gnoll zombies (Ossuary)
  3 goblins
  12 hobgoblins
  3 jackals (D:3)
  6 quokkas
  A ball python (D:4)
  A ball python skeleton (D:4)
  8 frilled lizards
  2 hobgoblin zombies (Ossuary)
  12 kobolds
  A leopard gecko skeleton (D:4)
  3 orc zombies (Ossuary)
  8 rats
166 creatures vanquished.

Vanquished Creatures (others)
  A dart slug (D:2)
  A goblin (D:2)
  A kobold (D:2)
  A rat (D:2)
4 creatures vanquished.

Grand Total: 170 creatures vanquished

Notes
Turn   | Place    | Note
-------+----------+-------------------------------------------
     0 | D:1      | Gorg the Deep Elf Fire Elementalist began the quest for the Orb.
     0 | D:1      | Reached XP level 1. HP: 10/10 MP: 6/6
   211 | D:1      | Reached XP level 2. HP: 9/15 MP: 2/8
   266 | D:1      | Learned a level 2 spell: Throw Flame
  1587 | D:2      | Reached XP level 3. HP: 19/19 MP: 5/9
  1648 | D:2      | Noticed a bullfrog
  2138 | D:2      | Reached XP level 4. HP: 24/24 MP: 4/11
  2302 | D:2      | Killed a bullfrog
  2302 | D:2      | Reached skill level 4 in Spellcasting
  2813 | D:2      | Reached XP level 5. HP: 28/28 MP: 9/13
  3017 | D:2      | Found a runed door.
  3021 | D:2      | Noticed Crazy Yiuf
  3030 | D:2      | Killed Crazy Yiuf
  3108 | D:2      | Learned a level 4 spell: Sticky Flame
  3472 | D:3      | Found a basalt altar of Yredelemnul.
  3473 | D:3      | Noticed a sky beast
  3473 | D:3      | Noticed a hippogriff
  3476 | D:3      | Found a transporter.
  3492 | D:3      | Found a transporter.
  3947 | D:3      | Found a snail-covered altar of Cheibriados.
  3959 | D:3      | Found a glowing silver altar of Zin.
  4046 | D:4      | Reached skill level 5 in Fire Magic
  4296 | D:4      | Found a staircase to the Ecumenical Temple.
  4310 | Temple   | Entered the Ecumenical Temple
  4334 | Temple   | Became a worshipper of Vehumet
  4443 | D:4      | Reached skill level 5 in Spellcasting
  4504 | D:4      | Reached XP level 6. HP: 32/32 MP: 10/15
  5007 | D:4      | Found an ancient bone altar of Kikubaaqudgha.
  5040 | D:5      | Entered Level 5 of the Dungeon
  5046 | D:5      | Found a burning altar of Makhleb.
  5046 | D:5      | Found a shattered altar of Ashenzari.
  5046 | D:5      | Found a shimmering altar of Xom.
  5192 | D:5      | Reached skill level 6 in Spellcasting
  5291 | D:5      | Noticed a sky beast
  5296 | D:5      | Learned a level 3 spell: Conjure Flame
  5311 | D:5      | Killed a sky beast
  5392 | D:5      | Reached XP level 7. HP: 35/36 MP: 18/18
  5684 | D:5      | Noticed a moth of wrath
  5687 | D:5      | Found a bloodstained altar of Trog.
  5819 | D:5      | Reached * piety under Vehumet
  5819 | D:5      | Offered knowledge of Freeze by Vehumet.
  6024 | D:5      | Reached skill level 7 in Spellcasting
  6490 | D:6      | Reached skill level 8 in Spellcasting
  6705 | D:6      | Reached skill level 5 in Conjurations
  6706 | D:6      | Noticed Menkaure
  6716 | D:6      | Reached XP level 8. HP: 37/41 MP: 11/22
  6719 | D:6      | Killed Menkaure
  6719 | D:6      | Reached skill level 9 in Spellcasting
  7131 | D:6      | Reached skill level 10 in Spellcasting
  7713 | D:6      | Learned a level 5 spell: Fireball
  7801 | D:6      | Found a shadowy altar of Dithmenos.
  8256 | D:7      | Offered knowledge of Searing Ray by Vehumet.
  8257 | D:7      | Noticed a hippogriff
  8266 | D:7      | Killed a hippogriff
  8266 | D:7      | Reached XP level 9. HP: 45/45 MP: 15/25
  8394 | D:7      | Reached ** piety under Vehumet
  8394 | D:7      | Reached skill level 11 in Spellcasting
  8724 | D:7      | Found a blossoming altar of Fedhas.
  9402 | D:8      | Found a sand-covered staircase.
  9466 | Ossuary  | Entered an ossuary
  9622 | Ossuary  | Offered knowledge of Ignite Poison by Vehumet.
 10138 | D:8      | Reached skill level 1 in Fighting
 10171 | D:8      | Noticed a red ugly thing
 10187 | D:8      | Mangled by a red ugly thing

Vault maps used:
D:1:      dpeg_arrival_oval
D:2:      lemuel_old_faithful, uniq_crazy_yiuf_cottage
D:3:      gammafunk_temple_overflow_arena, amethyst_overflow_temple_binary
D:4:      lemuel_zombie_altar_kikubaaqudgha, minmay_temple_entry_statues
D:5:      tgw_trog, gammafunk_temple_overflow_forgotten, first_ration,
          kennysheep_potato
D:6:      nicolae_dithmenos_through_a_glass_darkly, uniq_menkaure
D:7:      fedhas_altar_2, grunt_ogre_cave
D:8:      enter_ossuary_3, mumra_transporter_accident
Temple:   nicolae_temple_hex_pool
Ossuary:  ossuary_tomb_3

Skill      XL: |  1  2  3  4  5  6  7  8  9 |
---------------+----------------------------+-----
Fire Magic     | 4 5 6 8 |  8.1
Conjurations   | 2 3 4 5 6 7 |  7.6
Spellcasting   | 4 5 6 8 10 11 | 11.4
Stealth        | 3 |  3.0
Fighting       | 1 |  1.1
Dodging        | |  2.7

Action                   |  1- 3 |  4- 6 |  7- 9 || total
-------------------------+-------+-------+-------++-------
Melee: Dagger            |     6 |     6 |    17 ||    29
 Fire: Hunting sling     |       |    36 |    72 ||   108
 Cast: Flame Tongue      |    44 |    63 |   166 ||   273
       Throw Flame       |    23 |    26 |    11 ||    60
       Sticky Flame      |       |     2 |    14 ||    16
       Conjure Flame     |       |     1 |    11 ||    12
       Fireball          |       |       |     5 ||     5
  Use: Scroll            |       |       |    13 ||    13
  Eat: Chunk             |     2 |     5 |     1 ||     8
       Ration            |     1 |     1 |     5 ||     7
Armor: Robe              |     4 |     8 |    12 ||    24
Dodge: Dodged            |    15 |    17 |    68 ||   100

Table legend:
 A = Spawn XP
 B = Non-spawn XP
 C = Spawn XP percentage of total XP
 D = Spawn monster count
 E = Non-spawn monster count
 F = Spawn count percentage of total count
 G = Total turns spent on level
                    A         B        C        D         E        F      G
               +---------+---------+-------+---------+---------+-------+---------
         Total |       0 |    4144 |   0.0 |       0 |     166 |   0.0 | 10187
               +---------+---------+-------+---------+---------+-------+---------
           D:1 |       0 |      35 |   0.0 |       0 |      22 |   0.0 |  1561
           D:2 |       0 |     215 |   0.0 |       0 |      22 |   0.0 |  1548
           D:3 |       0 |      33 |   0.0 |       0 |      16 |   0.0 |   933
           D:4 |       0 |     253 |   0.0 |       0 |      18 |   0.0 |   954
           D:5 |       0 |     431 |   0.0 |       0 |      21 |   0.0 |  1612
           D:6 |       0 |    1640 |   0.0 |       0 |      26 |   0.0 |  1509
           D:7 |       0 |     991 |   0.0 |       0 |      13 |   0.0 |  1186
           D:8 |       0 |     364 |   0.0 |       0 |      12 |   0.0 |   503
       Ossuary |       0 |     182 |   0.0 |       0 |      16 |   0.0 |   337
               +---------+---------+-------+---------+---------+-------+---------
